cohdb
Replays
Latest Replays
All Replays
Popular Replays
Top Player Replays
Match Explorer
How It Works
Community
CoH3 Stats
Reddit
Sign in to upload your games and track your stats! →
Sign in with Steam
Match 40572113
Unlisted
Match 40572113
Overview
Messages
Build Orders
End
Construct Section Command Post
Selects Canadian Shock Battlegroup
Infantry Section
Infantry Section
Infantry Section
Vickers Machine Gun Team
Selects Offensive Resupply
Selects Canadian Shock Section
Grenade Package
Construct Field Infirmary
Construct Platoon Command Post
Selects Incendiary Munitions
Infantry Training
Humber Armored Car
Canadian Shock Section
Selects Pyrotechnics
6-pounder Anti-tank Gun Team
Royal Engineer Section
6-pounder Anti-tank Gun Team
Construct Company Command Post
ryanpetro
Sokol(c)
Syverus
Zehel
Krooger
Aprosarmosto
0
0
Comments
sign in to comment!
No comments posted yet!